 Dungeon Crawl Stone Soup version 0.30-a0-793-g160f7cfddd (webtiles) character file.

Game seed: 2476340198591241881

1768 jasper the Destroyer (level 8, -3/63 HPs)
             Began as a Yellow Draconian Conjurer on Feb 19, 2023.
             Was an Initiate of Vehumet.
             Slain by a two-headed ogre
             ... wielding a +0 giant club
              (27 damage)
             ... on level 8 of the Dungeon.
             The game lasted 00:10:44 (6297 turns).

jasper the Destroyer (Yellow Draconian Conjurer)    Turns: 6297, Time: 00:10:45

Health: -3/63      AC:  6    Str: 11    XL:     8   Next: 80%
Magic:  11/15      EV: 11    Int: 26    God:    Vehumet [......]
Gold:   304        SH:  9    Dex:  9    Spells: 4/17 levels left

rFire   . . .      SeeInvis .    A - +3 flail (venom)
rCold   + + .      Faith    .    x - +0 buckler
rNeg    . . .      Spirit   .    (body armour unavailable)
rPois   .          Reflect  +    (helmet restricted)
rElec   .          Harm     .    (no cloak)
rCorr   +          Rampage  .    (no gloves)
Will    +....                    (no boots)
Stlth   ++                       y - amulet "Hofaint" {Reflect rC++ SH+5}
HPRegen 0.30/turn                b - ring of willpower
MPRegen 0.14/turn                v - +6 ring of intelligence

@: no status effects
A: spit acid, AC +6, unfitting armour, cold-blooded, acid resistance
a: Breathe Acid, Renounce Religion


You were on level 8 of the Dungeon.
You worshipped Vehumet.
Vehumet was noncommittal.
You visited 2 branches of the dungeon, and saw 8 of its levels.

You collected 330 gold pieces.
You spent 26 gold pieces at shops.

Inventory:

Hand Weapons
 d - a +0 club
 e - a +0 hand axe
 o - a +1 war axe
 r - the +11 lajatang "Pineocw" {drain, rF+ Str+4}
   (You found it on level 3 of the Dungeon)

   Str:       It affects your strength (+4).
   rF:        It protects you from fire.
 A - a +3 flail of venom (weapon)
Missiles
 h - 18 poisoned darts
 m - 3 curare-tipped darts
Armour
 x - a +0 buckler (worn)
Jewellery
 b - a ring of willpower (left hand)
 v - a +6 ring of intelligence (right hand)
 y - the amulet "Hofaint" (around neck) {Reflect rC++ SH+5}
   (You found it on level 5 of the Dungeon)

   [amulet of reflection]

   It reflects blocked missile attacks.
   rC:        It greatly protects you from cold.
   SH:        It affects your SH (+5).
Wands
 p - a wand of iceblast (7)
 t - a wand of light (13)
 w - a wand of paralysis (7)
Scrolls
 c - 2 scrolls of teleportation
 i - 2 scrolls of vulnerability
 j - 4 scrolls of noise
 k - 3 scrolls of identify
 n - a scroll of magic mapping
 s - 2 scrolls of fear
Potions
 a - 2 potions of magic
 f - a potion of invisibility
 g - a potion of flight
 l - a potion of lignification
 q - a potion of curing
 u - a potion of degeneration {unknown}
 z - a potion of might {unknown}
 B - a potion of mutation {unknown}


   Skills:
 + Level 3.2 Fighting
 - Level 1.7 Dodging
 - Level 1.7 Stealth
 + Level 3.0 Shields
 + Level 5.3 Spellcasting
 + Level 8.7 Conjurations
 - Level 3.0 Hexes
 - Level 2.0 Translocations


You had 4 spell levels left.
You knew the following spells:

 Your Spells              Type           Power      Damage    Failure   Level
a - Magic Dart            Conj           100%       1d8       1%          1
b - Searing Ray           Conj           100%       2d8       1%          2
c - Fulminant Prism       Conj/Hex       18%        3d10      9%          4
d - Blink                 Tloc           34%        N/A       6%          2
e - Iskenderun's Mystic   Conj/Tloc      35%        2d8       11%         4

Your spell library contained the following spells:

 Spells                   Type           Power      Damage    Failure   Level
 Momentum Strike          Conj/Tloc      70%        3d9       1%          2
 Dazzling Flash           Conj/Hex       74%        N/A       2%          3
 Slow                     Hex            88%        N/A       3%          1
 Lesser Beckoning         Tloc           34%        N/A       6%          2
 Confusing Touch          Hex            22%        N/A       9%          3
 Summon Guardian Golem    Hex/Summ       14%        N/A       16%         3
 Vampiric Draining        Necr           6%         2d6       30%         3
 Orb of Destruction       Conj           25%        9d9       92%         7
 Spellforged Servitor     Conj/Summ      14%        N/A       100%        7


Dungeon Overview and Level Annotations

Branches:
Dungeon (8/15)             Temple (1/1) D:6
   Lair: D:8-11

Altars:
Cheibriados
Dithmenos
Elyvilon
Fedhas
Gozag
Hepliaklqana
Kikubaaqudgha
Makhleb
Nemelex Xobeh
Okawaru
Qazlal
Ru
Sif Muna
Trog
Uskayaw
Vehumet
Wu Jian
Xom
Yredelemnul
Zin
The Shining One

Shops:
D:2 ?


Innate Abilities, Weirdness & Mutations

You can spit globs of acid.
Your golden yellow scales are hard. (AC +6)
You cannot fit into any form of body armour.
You are cold-blooded and may be slowed by cold attacks.
You are resistant to acid. (rCorr)


Message History

You kill the yak!
Vehumet accepts your kill. The blast of energy engulfs you!
The blast of energy engulfs the yak!!
The yak is almost dead.
You block the yak's attack.
Your Spellcasting skill increases to level 5!
You take 15 damage, and have 20/62 hp.
MASSIVE DAMAGE!!
You hit the yak but do no damage.
The yak looks as sick as possible!
The yak is almost dead.
The yak gores you.
* * * LOW HITPOINT WARNING * * *
You block the yak's attack.
You take 2 damage, and have 18/62 hp.
You barely miss the yak.
The yak is almost dead.
The yak gores you but does no damage.
You barely miss the yak.
The yak is almost dead.
You kill the yak!
Vehumet accepts your kill.
Your Fighting skill increases to level 3!
Your Shields skill increases to level 3!
Casting: Fulminant Prism (dangerous; 9% risk of failure)
Confirm with . or Enter, or press ? or * to list all spells.
Okay, then.
Something unseen opens the door.
You sense a monster nearby.
You regained 4 hp, and now have 23/63 hp.
You regained 2 mp, and now have 10/15 mp.
A two-headed ogre comes into view. It is wielding two +0 giant clubs.
Casting: Fulminant Prism (dangerous; 9% risk of failure)
Confirm with . or Enter, or press ? or * to list all spells.
Okay, then.
Aiming: Paralyse
Press: ? - help, Shift-Dir - straight line, f - two-headed ogre
Aim: a two-headed ogre, wielding two +0 giant clubs (chance to affect: 31%)
The two-headed ogre easily resists.
The two-headed ogre attacks as you move away!
The two-headed ogre hits you with a +0 giant club!!
You die...

#.....# ## #####
#.....######.#
.....##.......#....#
..............#....#
..............'....#
..............#.†..#
..............#.†..#
..............#O...#
.####+####...##@...#
#...##.>.##
#........##
#.........#
+.........#
#.........#
#.........#
###.#..#.## ########


You could see a two-headed ogre.

Vanquished Creatures
  3 yaks (D:8)
  Edmund (D:4)
  A water moccasin (D:5)
  An ice beast (D:5)
  A black bear (D:4)
  2 bullfrogs (D:6)
  2 necrophages
  2 scorpions (D:5)
  4 hounds
  A jelly (D:6)
  4 orc priests
  2 iguanas
  An orc wizard (D:6)
  9 gnolls (D:3)
  7 adders
  A shadow imp (D:6)
  An ufetubus (D:6)
  2 worms
  4 dart slugs
  4 orcs
  2 endoplasms
  9 giant cockroaches
  7 goblins
  9 hobgoblins
  7 kobolds
  4 quokkas
  9 ball pythons
  7 bats
  2 frilled lizards
  5 rats
114 creatures vanquished.

Vanquished Creatures (others)
  2 fulminant prisms (D:8)
2 creatures vanquished.

Grand Total: 116 creatures vanquished

Notes
Turn   | Place    | Note
-------+----------+-------------------------------------------
     0 | D:1      | jasper the Draconian Conjurer began the quest for the Orb.
     0 | D:1      | Reached XP level 1. HP: 14/14 MP: 3/3
   207 | D:1      | Reached XP level 2. HP: 20/20 MP: 1/5
   217 | D:1      | Learned a level 2 spell: Searing Ray
  1099 | D:1      | Reached skill level 5 in Conjurations
  1217 | D:2      | Reached XP level 3. HP: 26/26 MP: 4/6
  1553 | D:2      | Found Difuut's Magic Scroll Shop.
  1559 | D:2      | Bought a scroll of identify for 26 gold pieces
  2324 | D:3      | Reached XP level 4. HP: 33/33 MP: 0/7
  2329 | D:3      | Learned a level 4 spell: Fulminant Prism
  2486 | D:3      | Reached skill level 6 in Conjurations
  2820 | D:3      | Identified the +11 lajatang "Pineocw" {drain, rF+ Str+4}
  2880 | D:3      | Reached XP level 5. HP: 25/38 MP: 3/8
  3395 | D:4      | Noticed Edmund
  3411 | D:4      | Killed Edmund
  3412 | D:4      | Reached skill level 7 in Conjurations
  3412 | D:4      | Reached XP level 6. HP: 26/45 MP: 9/9
  3803 | D:4      | Reached skill level 8 in Conjurations
  4029 | D:4      | Learned a level 2 spell: Blink
  4365 | D:5      | Entered Level 5 of the Dungeon
  4379 | D:5      | Reached skill level 1 in Hexes
  4428 | D:5      | Your scales start taking on a golden yellow colour.
  4428 | D:5      | Reached XP level 7. HP: 50/50 MP: 5/10
  4428 | D:5      | Gained mutation: You are resistant to acid. (rCorr) [Yellow
                  | Draconian growth]
  5090 | D:5      | Identified the amulet "Hofaint" {Reflect rC++ SH+5}
  5190 | D:5      | Reached skill level 1 in Translocations
  5394 | D:5      | Found a shimmering altar of Xom.
  5397 | D:5      | Found a basalt altar of Yredelemnul.
  5397 | D:5      | Found a burning altar of Makhleb.
  5599 | D:6      | Reached XP level 8. HP: 57/57 MP: 14/14
  5604 | D:6      | Learned a level 4 spell: Iskenderun's Mystic Blast
  5682 | D:6      | Reached skill level 1 in Shields
  5776 | D:6      | Reached skill level 1 in Fighting
  5805 | D:6      | Found a staircase to the Ecumenical Temple.
  5815 | Temple   | Entered the Ecumenical Temple
  5825 | Temple   | Became a worshipper of Vehumet
  6243 | D:6      | You fall into a shaft and drop 2 floors!
  6277 | D:8      | Reached skill level 5 in Spellcasting
  6293 | D:8      | Noticed a two-headed ogre
  6297 | D:8      | Slain by a two-headed ogre

Illustrated notes

Levels and vault maps discovered:
D:1:      dpeg_arrival_stonehenge_12_columns, layout_loops_ring
D:2:      layout_basic, serial_glass, glass_columns_b, glass_columns_b,
          serial_shops, shop_scrolls, minmay_misc_feat_square
D:3:      minmay_spotlight, layout_basic, minmay_close_crescents
D:4:      layout_basic, chequers_mini_garden, uniq_edmund
D:5:      layout_basic, grunt_temple_overflow_open, nicolae_ossuary_entry_plus,
          kennysheep_minor_cross
D:6:      kennysheep_kobold_camp, layout_loops_ring,
          mainiacjoe_overflow_brackets, minmay_temple_entry_mist
D:8:      layout_gridville, minmay_fountain_box
Temple:   nicolae_temple_no_exploring_needed

Skill      XL: |  1  2  3  4  5  6  7  8 |
---------------+-------------------------+-----
Conjurations   | 5 6 7 8 |  8.7
Hexes          | 1 3 |  3.0
Spellcasting   | 4 5 |  5.3
Translocations | 2 |  2.0
Shields        | 3 |  3.0
Fighting       | 3 |  3.2
Dodging        | |  1.7
Stealth        | |  1.7

Action                     |  1- 3 |  4- 6 |  7- 9 || total
---------------------------+-------+-------+-------++-------
  Melee: Unarmed           |     6 |       |       ||     6
         Hand axe          |    17 |    15 |       ||    32
         Tailslap          |     1 |       |     5 ||     6
         Lajatang          |       |    13 |     7 ||    20
         Flail             |       |       |    31 ||    31
   Cast: Magic Dart        |    79 |    60 |    43 ||   182
         Searing Ray       |     3 |     5 |     8 ||    16
         Fulminant Prism   |       |       |     2 ||     2
Ability: Breathe Acid      |       |       |     5 ||     5
  Evoke: Wand              |       |     9 |     1 ||    10
    Use: Scroll            |     7 |     5 |       ||    12
   Stab: Sleeping          |       |       |     1 ||     1
 Armour: Skin              |    11 |     5 |    10 ||    26
  Dodge: Dodged            |    22 |    33 |    16 ||    71
  Block: Other             |       |       |     9 ||     9
         Buckler           |       |       |     9 ||     9

Table legend: (Time is in decaauts)
 A = Elapsed time spent in this place.
 B = Non-inter-level travel time spent in this place.
 C = Inter-level travel time spent in this place.
 D = Time resting spent in this place.
 E = Time spent auto-exploring this place.
 F = Levels seen in this place.
 G = Mean time per level.
                   A        B        C        D        E       F      G
               +--------+--------+--------+--------+--------+-----+--------+
         Total |   6326 |   6135 |    191 |    382 |   4922 |   8 |  790.8 |
       Dungeon |   6307 |   6124 |    183 |    382 |   4922 |   7 |  901.0 |
        Temple |     19 |     11 |      8 |      0 |      0 |   1 |   19.0 |
               +--------+--------+--------+--------+--------+-----+--------+

Top non-repeatable levels by time:
     D:5: 1221 daAuts
     D:3: 1212 daAuts
     D:1: 1161 daAuts
     D:4: 1029 daAuts
     D:2: 979 daAuts
     D:6: 645 daAuts
     D:8: 56 daAuts
  Temple: 19 daAuts
